 Dungeon Crawl Stone Soup version bcrawl-1.37.2 (webtiles) character file.

Game seed: 11157126772508493657

236873 Mehrunes the Schismatic (level 8, -4/64 HPs)
             Began as a Demonspawn Abyssal Knight on Nov 3, 2022.
             Was an Elder of Lugonu.
             Killed from afar by an electric eel (11 damage)
             ... with a bolt of electricity
             ... on level 6 of the Dungeon.
             The game lasted 00:12:14 (6336 turns).

Mehrunes the Schismatic (Demonspawn Abyssal Knight) Turns: 6336, Time: 00:12:15

Health: -4/64      AC:  7    Str: 15    XL:     8   Next: 91%
Magic:  13/13      EV: 12    Int: 13    God:    Lugonu [****..]
Gold:   405        SH:  1    Dex: 13    Spells: 7/7 levels left

rFire    + . .     GDR:     29% a - +0 long sword
rCold    + . .     SeeInvis .   (no shield)
rNeg     . . .     Gourm    .   b - +0 ring mail
rPois    .         Faith    .   (helmet restricted)
rElec    .         Spirit   .   o - scarf {rC+ rF+}
rCorr    .         Reflect  .   h - +0 pair of gloves
MR       .....                  (no boots)
Stlth    +.........             (no amulet)
HPRegen  0.20/turn              (no ring)
MPRegen  0.13/turn              (no ring)

@: about to teleport
A: antennae 1, claws 2, talons 1, demonic guardian 1
a: Depart the Abyss, Bend Space, Banish, Corrupt, Renounce Religion


You were on level 6 of the Dungeon.
You worshipped Lugonu.
Lugonu was greatly pleased with you.
You were hungry.

You visited 1 branch of the dungeon, and saw 6 of its levels.
You visited the Abyss 1 time.

You collected 405 gold pieces.

Inventory:

Hand Weapons
 a - a +0 long sword (weapon)
 k - a +2 dagger of venom
 q - a +0 dagger
Missiles
 c - 4 tomahawks of dispersal (quivered) {=f}
 d - 1080 stones
 p - 466 poisoned tomahawks
Armour
 b - a +0 ring mail (worn)
 g - a scarf of resistance
 h - a +0 pair of gloves (worn)
 o - a scarf of resistance (worn)
Jewellery
 B - an uncursed ring of flight
 C - an uncursed ring of see invisible
Wands
 w - a wand of flame (23)
 y - a wand of charming (8)
Scrolls
 i - a scroll of identify
 j - a scroll of amnesia {unknown}
 l - 4 scrolls of teleportation
 n - a scroll of enchant armour {unknown}
 t - 3 scrolls of remove curse {unknown}
 x - a scroll of fog {unknown}
 z - a scroll of enchant weapon {unknown}
 A - 2 scrolls of magic mapping {unknown}
Potions
 f - a potion of might {unknown}
 m - 2 potions of cancellation {unknown}
 r - a potion of flight {unknown}
 s - 3 potions of heal wounds {unknown}
 u - a potion of ambrosia {unknown}
 v - 3 potions of brilliance {unknown}
 D - a potion of mutation {unknown}
Comestibles
 e - 8 rations {!d}


   Skills:
 + Level 5.7 Fighting
 - Level 4.0 Long Blades
 + Level 2.9 Throwing
 + Level 4.7 Armour
 + Level 4.4 Dodging
 * Level 2.8 Unarmed Combat
 + Level 6.8 Invocations


You had 7 spell levels left.
You didn't know any spells.
Your spell library was empty.

Dungeon Overview and Level Annotations

Branches:
Dungeon (6/12)             Temple (0/1) D:5

Altars:
Fedhas
Hepliaklqana
Nemelex Xobeh
Okawaru
Sif Muna
Trog
Yredelemnul

Annotations:
Abyss:1 Grinder


Innate Abilities, Weirdness & Mutations

You have a pair of small antennae on your head.
You have very sharp fingernails.
You have sharp toenails.
A weak demonic guardian rushes to your aid.


Message History

Aim: an electric eel (water)
You throw a tomahawk of dispersal {=f}.
The tomahawk of dispersal {=f} closely misses the electric eel.
The electric eel shoots out a bolt of lightning at you!
The bolt of electricity misses you. x2
Throwing (i - inventory. (/) - cycle)
c - 5 tomahawks of dispersal (quivered)
{=f}
Press: ? - help, Shift-Dir - straight line, f/p - electric eel
Aim: an electric eel (water)
You throw a tomahawk of dispersal {=f}.
The tomahawk of dispersal {=f} misses the electric eel.
The electric eel shoots out a bolt of lightning at you!
The bolt of electricity hits you! x2
* * * LOW HITPOINT WARNING * * *
As you read the scroll of teleportation, it crumbles to dust.
You feel strangely unstable.
The electric eel shoots out a bolt of lightning at you!
The bolt of electricity hits you!
* * * LOW HITPOINT WARNING * * *
The bolt of electricity hits you!
You die...

..[#
#.≈#≈≈≈≈#≈≈≈..#.#
#..#
..≈≈≈≈#≈≈≈≈.....#
.#
.≈≈≈#≈≈≈≈#≈.###.#
#
.≈#≈≈≈≈#≈≈≈..##.#
.≈≈≈≈#≈≈≈≈...##.#
.
....≈;≈≈#≈......#
.
.......≈≈≈.....##
..
................#
.....5$@####....#
(....#### ##...#
#... ##.## ## #.#
#.# #.# #.#


You could see an electric eel and a friendly iron imp.

Vanquished Creatures
  A sky beast (D:5)
  An ice beast (D:6)
  A bullfrog (D:6)
  A kobold brigand (D:6)
  2 centaurs
  A scorpion (D:6)
  A wight (D:6)
  2 howler monkeys
  4 crimson imps
  4 orc priests
  3 hounds (D:4)
  Jessica (D:3)
  Natasha (twice) (D:3)
  Ijyb (D:3)
  2 orc wizards
  3 worker ants
  A mummy (D:5)
  A howler monkey zombie (D:6)
  6 adders
  A shadow imp (D:6)
  2 oozes
  An adder skeleton (D:6)
  4 worms
  2 dart slugs
  2 leopard geckos (D:2)
  17 orcs
  A giant cockroach (D:2)
  7 goblins
  14 hobgoblins
  7 jackals
  5 quokkas
  A ball python (D:2)
  7 bats
  5 frilled lizards
  3 hobgoblin zombies (D:5)
  11 kobolds
  A kobold zombie (D:5)
  A quokka skeleton (D:4)
  4 rats
134 creatures vanquished.

Vanquished Creatures (collateral kills)
  A sky beast (D:2)
  An ogre (D:6)
  A kobold brigand (D:5)
  A crimson imp (D:2)
  Natasha (D:3)
  An orc wizard (D:3)
  A howler monkey skeleton (D:5)
  A worm (D:3)
  2 orcs (D:3)
  A jackal (D:3)
  A kobold (D:6)
12 creatures vanquished.

Grand Total: 146 creatures vanquished

Notes
Turn   | Place    | Note
-------+----------+-------------------------------------------
     0 | Abyss:1  | Mehrunes the Demonspawn Abyssal Knight began the quest for
                  | the Orb.
     0 | Abyss:1  | Reached XP level 1. HP: 18/18 MP: 2/2
    53 | Abyss:1  | Noticed a chaos spawn
    55 | D:1      | Escaped the Abyss
   167 | D:1      | Reached skill level 1 in Dodging
   470 | D:1      | Gained mutation: A weak demonic guardian rushes to your
                  | aid. [demonic ancestry]
   470 | D:1      | Reached XP level 2. HP: 18/24 MP: 4/4
   595 | D:1      | Reached skill level 3 in Invocations
   734 | D:1      | Reached * piety under Lugonu
   959 | D:2      | Gained mutation: You have a pair of small antennae on your
                  | head. [demonic ancestry]
   959 | D:2      | Reached XP level 3. HP: 24/29 MP: 5/5
  1096 | D:2      | Noticed a sky beast
  1105 | D:2      | Killed a sky beast
  1106 | D:2      | Gained mutation: You have sharp fingernails. [demonic
                  | ancestry]
  1106 | D:2      | Reached XP level 4. HP: 17/37 MP: 6/6
  1106 | D:2      | Reached XP level 5. HP: 19/42 MP: 7/7
  1264 | D:2      | Found a shimmering blue altar of Sif Muna.
  1487 | D:2      | Found a faded altar of an unknown god.
  1600 | D:2      | Reached skill level 4 in Invocations
  1605 | D:2      | Reached ** piety under Lugonu
  1861 | D:2      | Found a basalt altar of Yredelemnul.
  2138 | D:3      | Noticed Natasha
  2155 | D:3      | Killed Natasha
  2201 | D:3      | Noticed Ijyb
  2262 | D:3      | Killed Ijyb
  2263 | D:3      | Reached XP level 6. HP: 40/48 MP: 9/9
  2450 | D:3      | Found a sparkling altar of Nemelex Xobeh.
  2450 | D:3      | Found a bloodstained altar of Trog.
  2451 | D:3      | Found an iron altar of Okawaru.
  2496 | D:3      | Noticed Natasha
  2508 | D:3      | Killed Natasha
  2587 | D:3      | Noticed Grinder
  2588 | D:3      | Banished Grinder
  2644 | D:3      | Noticed Natasha
  2653 | D:3      | Killed Natasha
  2654 | D:3      | Reached skill level 5 in Invocations
  2850 | D:3      | Noticed Jessica
  2861 | D:3      | Killed Jessica
  2862 | D:3      | Gained mutation: You have sharp toenails. [demonic
                  | ancestry]
  2862 | D:3      | Reached XP level 7. HP: 21/55 MP: 10/10
  3285 | D:4      | Reached *** piety under Lugonu
  3347 | D:4      | Found a glowing silver altar of Zin.
  3919 | D:5      | Entered Level 5 of the Dungeon
  4110 | D:5      | Found a staircase to the Ecumenical Temple.
  4175 | D:5      | Found a blossoming altar of Fedhas.
  4231 | D:5      | Reached skill level 1 in Throwing
  4455 | D:5      | Reached skill level 5 in Fighting
  4460 | D:5      | Reached skill level 6 in Invocations
  4460 | D:5      | Gained mutation: You have very sharp fingernails. [demonic
                  | ancestry]
  4460 | D:5      | Reached XP level 8. HP: 53/62 MP: 12/12
  4658 | D:5      | Found a hazy altar of Hepliaklqana.
  4936 | D:6      | Reached skill level 1 in Unarmed Combat
  6011 | D:6      | Reached **** piety under Lugonu
  6036 | D:6      | Received a gift from Lugonu
  6336 | D:6      | Killed from afar by an electric eel

Skill      XL: |  1  2  3  4  5  6  7  8 |
---------------+-------------------------+-----
Dodging        | 1 2 3 4 |  4.4
Armour         | 2 3 4 |  4.7
Long Blades    | 2 3 4 |  4.0
Invocations    | 3 4 5 6 |  6.8
Fighting       | 4 5 |  5.7
Throwing       | 1 2 |  2.9
Unarmed Combat | 2 |  2.8

Action                   |  1- 3 |  4- 6 |  7- 9 || total
-------------------------+-------+-------+-------++-------
Melee: Long sword        |   121 |   237 |   232 ||   590
       Unarmed           |       |     9 |       ||     9
       Kick              |       |       |    60 ||    60
       Punch             |       |       |     2 ||     2
Throw: Tomahawk          |     2 |     1 |     3 ||     6
Invok: Depart the Abyss  |     1 |       |       ||     1
       Banish            |       |     1 |       ||     1
  Use: Scroll            |       |       |     3 ||     3
  Eat: Chunk             |     4 |    13 |    13 ||    30
       Ration            |       |       |     1 ||     1
Armor: Ring mail         |    36 |    89 |    77 ||   202
       Skin              |       |    31 |       ||    31
Dodge: Dodged            |    74 |   139 |   151 ||   364
Block: Other             |       |       |     1 ||     1
